 Dungeon Crawl Stone Soup version 0.23.2-40-g277498a001 (webtiles) character file.

Game seed: 17581200056559193362

172527 DildoBatman the Geomancer (level 18, -17/145 HPs)
             Began as a Formicid Wizard on Oct 4, 2019.
             Was an Initiate of Gozag.
             Demolished by a shambling mangrove (23 damage)
             ... on level 3 of the Swamp.
             The game lasted 02:33:15 (31293 turns).

DildoBatman the Geomancer (Formicid Wizard)        Turns: 31293, Time: 02:33:16

Health: -17/145    AC: 12    Str: 12    XL:     18   Next: 67%
Magic:  30/36      EV: 14    Int: 30    God:    Gozag
Gold:   4565       SH: 14    Dex: 18    Spells: 1/45 levels left

rFire    . . .     SeeInvis +   a - +4 demon trident (elec)
rCold    + . .     Gourm    .   S - +2 shield
rNeg     . . .     Faith    .   b - +2 leather armour {rPois}
rPois    +         Spirit   .   (helmet unavailable)
rElec    .         Reflect  .   i - +0 cloak
rCorr    .         Harm     .   Z - +2 pair of gloves
MR       +++..                  d - +0 pair of boots {Stlth+}
Stlth    +++.......             m - amulet of magic regeneration
HPRegen  1.34/turn              f - +6 ring of dexterity
MPRegen  0.50/turn              o - ring "Xaopluwk" {rC+ MR+ Int+4 Dex+3}

@: grasped by roots, regenerating, constricted
A: permanent stasis, dig shafts and tunnels, four strong arms, antennae 3, magic
resistance 1, robust 1, wild magic 1
a: Dig, Shaft Self, Potion Petition, Call Merchant, Bribe Branch, Renounce
Religion


You were on level 3 of the Swamp.
You worshipped Gozag.
Gozag was most pleased with you.
You were full.

You visited 5 branches of the dungeon, and saw 27 of its levels.
You also visited: Sewer, Bailey and Ice Cave.

You collected 8447 gold pieces.
You spent 3230 gold pieces at shops.
You paid 652 gold pieces to Gozag.

Inventory:

Hand Weapons
 a - a +4 demon trident of electrocution (weapon)
Missiles
 k - 109 arrows
 G - 74 sling bullets
 H - 18 bolts
Armour
 b - a +2 leather armour of poison resistance (worn)
 d - a +0 pair of boots of stealth (worn)
 i - a +0 cloak (worn)
 I - a +2 robe of magic resistance
 S - a +2 shield (worn)
 U - a +0 large shield
 Z - a +2 pair of gloves (worn)
Magical Staves
 c - an uncursed staff of wizardry
Jewellery
 f - a +6 ring of dexterity (left hand)
 l - an uncursed ring of resist corrosion
 m - an amulet of magic regeneration (around neck)
 o - the ring "Xaopluwk" (right hand) {rC+ MR+ Int+4 Dex+3}
   (You found it on level 2 of the Lair of Beasts)

   [ring of protection from cold]

   It affects your intelligence (+4).
   It affects your dexterity (+3).
   It protects you from cold.
   It affects your resistance to hostile enchantments.
 q - a +2 ring of intelligence
 r - a +2 ring of intelligence
 t - an uncursed ring of protection from magic
 D - an uncursed ring of fire
 N - an uncursed ring of protection from cold
 O - an uncursed ring of poison resistance
Wands
 j - a wand of disintegration (13)
 F - a wand of clouds (3)
 P - a wand of iceblast (21)
 T - a wand of acid (17)
Scrolls
 g - a scroll of magic mapping
 p - 2 scrolls of acquirement
 x - 12 scrolls of remove curse
 z - 4 scrolls of identify
 K - 2 scrolls of immolation
 M - a scroll of fear
 V - 4 scrolls of fog
 X - 3 scrolls of summoning
Potions
 e - 3 potions of agility
 h - 2 potions of cancellation
 n - 2 potions of invisibility
 u - 4 potions of flight
 w - 6 potions of magic
 y - 19 potions of curing
 A - 5 potions of heal wounds
 B - 6 potions of might
 E - 2 potions of brilliance
 Q - 3 potions of ambrosia
Miscellaneous
 s - a lamp of fire
 C - a lightning rod (4/4)
 J - a phantom mirror
 W - a fan of gales (inert)
Comestibles
 v - 27 rations


   Skills:
 - Level 9.0 Fighting
 - Level 6.0 Polearms
 - Level 9.0 Armour
 - Level 7.8 Dodging
 - Level 3.6 Stealth
 * Level 12.3 Shields
 - Level 14.0 Spellcasting
 - Level 6.0 Conjurations
 - Level 6.0 Hexes
 - Level 4.0 Charms
   Level 1.0 Summonings
 - Level 12.1 Necromancy
   Level 0.8 Translocations
 - Level 5.0 Fire Magic
 - Level 5.0 Air Magic
 * Level 14.1 Earth Magic


You had one spell level left.
You knew the following spells:

 Your Spells              Type           Power        Failure   Level  Hunger
a - Conjure Flame         Conj/Fire      ######..     1%          3    None
b - Borgnjor's Vile Clut  Necr/Erth      #######...   1%          5    None
c - Spectral Weapon       Hex/Chrm       ######..     2%          3    None
d - Regeneration          Chrm/Necr      ######....   1%          3    None
e - Mephitic Cloud        Conj/Pois/Air  ######..     3%          3    None
f - Vampiric Draining     Necr           #######...   1%          3    None
g - Shatter               Erth           #######...   100%        9    #######
h - Dispel Undead         Necr           #######.     1%          5    None
i - Necromutation         Tmut/Necr      ######....   100%        8    #######
z - Sublimation of Blood  Necr           #######...   1%          2    None

Your spell library contained the following spells:

 Spells                   Type           Power        Failure   Level  Hunger
 Animate Skeleton         Necr           N/A          1%          1    None
 Confusing Touch          Hex            ######       1%          1    None
 Corona                   Hex            ######.      1%          1    None
 Infusion                 Chrm           ####         1%          1    None
 Magic Dart               Conj           ####         1%          1    None
 Pain                     Necr           ####         1%          1    None
 Apportation              Tloc           ####..       3%          1    None
 Summon Butterflies       Summ           #####...     3%          1    None
 Summon Small Mammal      Summ           ####         3%          1    None
 Beastly Appendage        Tmut           ####..       4%          1    None
 Slow                     Hex            ######..     1%          2    None
 Song of Slaying          Chrm           ######..     1%          2    None
 Inner Flame              Hex/Fire       ######..     1%          3    None
 Tukima's Dance           Hex            ######..     1%          3    None
 Animate Dead             Necr           N/A          1%          4    None
 Leda's Liquefaction      Hex/Erth       #######...   1%          4    None
 Agony                    Necr           #######.     1%          5    None
 Poisonous Vapours        Pois/Air       #####.       3%          2    None
 Shroud of Golubria       Chrm/Tloc      #####.....   3%          2    None
 Portal Projectile        Hex/Tloc       ######       3%          3    None
 Summon Guardian Golem    Hex/Summ       ######..     3%          3    None
 Call Imp                 Summ           #####...     4%          2    None
 Cause Fear               Hex            ######....   4%          4    None
 Bolt of Magma            Conj/Fire/Erth #######...   4%          5    None
 Death Channel            Necr           #######...   5%          6    ####...
 Sticks to Snakes         Tmut           ####....     7%          2    None
 Lesser Beckoning         Tloc           ####......   10%         3    None
 Recall                   Summ/Tloc      N/A          10%         3    None
 Iron Shot                Conj/Erth      #######...   11%         6    ####...
 Spider Form              Tmut/Pois      ####......   13%         3    None
 Iskenderun's Battlesphe  Conj/Chrm      ######..     14%         5    None
 Irradiate                Conj/Tmut      ######....   30%         5    None
 Venom Bolt               Conj/Pois      ######....   30%         5    None
 Statue Form              Tmut/Erth      ######...    32%         6    ####...
 Ice Form                 Ice/Tmut       ####....     36%         4    None
 Simulacrum               Ice/Necr       ######....   43%         6    ####...
 Invisibility             Hex            ######..     45%         6    ####...
 Alistair's Intoxication  Tmut/Pois      ####....     69%         5    None
 Blade Hands              Tmut           ####......   69%         5    None
 Freezing Cloud           Conj/Ice/Air   ######....   75%         6    ####...
 Borgnjor's Revivificati  Necr           #######...   83%         8    #######
 Infestation              Necr           #######...   83%         8    #######
 Haunt                    Necr/Summ      ######....   89%         7    #####..
 Orb of Destruction       Conj           ######....   94%         7    #####..
 Hydra Form               Tmut           ####......   99%         6    ####...
 Ring of Flames           Chrm/Fire      ######....   99%         7    #####..
 Dragon Form              Tmut           ####......   100%        7    #####..
 Spellforged Servitor     Conj/Summ      ######....   100%        7    #####..
 Death's Door             Chrm/Necr      ######....   100%        8    #######
 Dragon's Call            Summ           #####.....   100%        9    #######
 Blink                    Tloc           Unusable     N/A         2    N/A

Dungeon Overview and Level Annotations

Branches:
Dungeon (15/15)            Temple (1/1) D:5            Lair (6/6) D:9
  Swamp (3/4) Lair:2        Snake (0/4) Lair:3        Slime (0/5) Lair:5
    Orc (2/2) D:9             Elf (0/3) Orc:2        Vaults (0/5) D:13
 Depths (0/5) D:15

Altars:
Ashenzari
Cheibriados
Dithmenos
Elyvilon
Fedhas
Gozag
Hepliaklqana
Kikubaaqudgha
Makhleb
Nemelex Xobeh
Okawaru
Qazlal
Ru
Sif Muna
Trog
Uskayaw
Vehumet
Wu Jian
Xom
Yredelemnul
Zin
The Shining One
Jiyva

Shops:
D:5 *   D:11 !*[:?   D:12 (   D:13 (   D:14 %   Orc:2 ([*(

Annotations:
Swamp:3 2 transporters


Innate Abilities, Weirdness & Mutations

You cannot be hasted, slowed, berserked, paralysed or teleported.
You can dig through walls and to a lower floor.
Your four strong arms can wield two-handed weapons with a shield.
You have a pair of large antennae on your head. (SInv)
You are resistant to hostile enchantments. (MR+)
You are robust. (+10% HP)
Your spells are a little harder to cast, but a little more powerful.


Message History

Press: ? - help, Dir - move target cursor, p - shambling mangrove Decaying hands burst forth from the earth!
Zombie hands grab the swamp worm.
The shambling mangrove is unaffected.
The zombie hands constrict the swamp worm.
The swamp worm throws harpoon shot at you.
You block the harpoon shot.
The zombie hands constrict the swamp worm.
The swamp worm throws harpoon shot at you.
The harpoon shot hits you!
You are yanked forward by the harpoon shot.
Roots burst forth from the earth!
The grasping roots grab you! The grasping roots constrict you!
The swamp worm bites you!
The roots' grasp on you weakens, but your attempt to escape fails.
The zombie hands constrict the swamp worm!
The shambling mangrove hits you!!
You die...
Your body crumbles into a pile of gold.

≈≈≈ .≈≈≈.≈♣.≈♣ ♣≈).
≈≈.≈.♣♣≈♣≈.≈≈.[♣ ♣≈).
..≈..≈≈...♣≈.≈♣♣♣♣.♣♣
.≈.≈≈≈....≈.....≈≈≈..♣
≈≈≈≈≈.♣≈...♣♣♣......♣♣ ♣
≈.w..≈≈≈≈.♣♣♣..≈...≈§
♣.♣♣. ♣.≈≈≈♣♣♣.♣.....≈..
....♣♣w♣≈.♣≈.≈≈..<..§§.
♣..♣@f.............♣.
♣≈♣♣♣...#####.©.#####...
♣≈≈≈...##.{{#####...##..
♣≈≈≈<.##..{.{{{F.....##.
♣..... ......{{{D.....#.
♣..≈≈≈. .....#.{{#k....#
♣≈≈≈≈≈. ....##.(.##....#
≈≈≈≈.≈. #.©. .#.#D .©.##
..≈≈.♣. .. ...# . ...#.


You could see a shambling mangrove and a swamp worm.

Vanquished Creatures
  Jorgrun (D:13)
  An Ice Fiend (IceCv)
  A thorn hunter (Swamp:2)
  Gastronok (D:10)
  Agnes (D:15)
  The ghost of HydroHomie the Brawler, a journeyman TrHu of Okawaru (Swamp:2)
  An orc warlord (Bailey)
  Louise (D:15)
  An emperor scorpion (D:15)
  2 entropy weavers (Lair:6)
  The ghost of KamiKatze the Devastator, a journeyman TeCj of Vehumet (D:11)
  7 dire elephants
  Snorg (D:13)
  Josephine (Orc:2)
  A rakshasa (D:13)
  2 vault guards (D:13)
  7 hydras
  A centaur warrior (D:15)
  An anaconda (Lair:6)
  2 catoblepae (D:14)
  2 two-headed ogres
  2 shambling mangroves (Swamp:2)
  7 alligators
  A queen ant (Lair:6)
  A tengu warrior (D:13)
  4 orc high priests (Orc:2)
  Urug (D:10)
  Sonja (Orc:2)
  A spriggan druid (Swamp:3)
  A wizard (D:13)
  2 swamp dragons
  4 unseen horrors
  8 orc knights
  A wolf spider zombie (D:15)
  A necromancer (D:13)
  5 orc sorcerers (Orc:2)
  3 manticores
  3 deep elf magi
  5 ugly things
  3 oklob plants (Lair:4)
  5 cyclopes
  4 elephants (Lair:6)
  A moth of wrath (Swamp:2)
  3 centaur skeletons
  An ice statue (IceCv)
  Psyche (D:9)
  2 black mambas (Lair:6)
  2 gargoyles
  20 spiny frogs
  2 kobold demonologists
  A yaktaur (D:13)
  2 rime drakes
  9 komodo dragons
  4 anaconda simulacra (IceCv)
  7 freezing wraiths
  2 golden dragon simulacra (IceCv)
  5 ice devils (IceCv)
  5 trolls
  A tengu conjurer (D:13)
  3 meliai (D:15)
  A polar bear (Lair:5)
  A hydra zombie (D:13)
  2 tyrant leeches
  3 bog bodies (Swamp:1)
  9 hornets
  31 slime creatures
  7 dream sheep (Lair:6)
  23 blink frogs
  5 hippogriffs
  3 shadows
  A tarantella (shapeshifter) (D:15)
  6 spriggans
  4 wraiths (Orc:2)
  A human (shapeshifter) (D:13)
  32 yaks
  2 steam dragons
  2 hungry ghosts
  3 wyverns
  3 hogs (D:7)
  3 basilisks
  A death yak simulacrum (IceCv)
  21 humans
  9 vampire mosquitoes
  Menkaure (D:5)
  The ghost of Martska the Chiller, an amateur MfIE (D:3)
  A two-headed ogre zombie (D:9)
  6 wargs
  4 harpy simulacra (IceCv)
  An iron troll simulacrum (IceCv)
  7 swamp worms
  3 insubstantial wisps (Swamp:2)
  14 water moccasins
  A deep troll zombie (D:13)
  4 hydra simulacra (IceCv)
  28 soldier ants
  13 porcupines
  3 swamp drakes
  A hornet zombie (D:12)
  3 ice beasts
  40 orc warriors
  4 black bears
  10 ogres
  8 sky beasts
  An eye of draining (D:10)
  A necrophage (D:6)
  2 phantoms
  10 wolves
  A manticore zombie (D:12)
  An elf zombie (D:13)
  2 centaurs
  18 crocodiles
  A fire crab zombie (D:12)
  8 big kobolds
  2 wyvern zombies
  3 cyclops zombies
  A gnoll sergeant (D:7)
  26 bullfrogs
  2 wyvern skeletons
  A warg zombie (Orc:2)
  7 scorpions
  16 killer bees
  A warg skeleton (Orc:1)
  2 troll zombies
  2 howler monkeys (D:11)
  34 wights
  An electric eel (Lair:5)
  5 centaur zombies
  2 bullfrog zombies
  9 crimson imps
  2 draconian simulacra (IceCv)
  2 jellies
  18 orc priests
  A soldier ant zombie (D:11)
  7 hounds
  4 quasits (D:3)
  33 orc wizards
  3 bullfrog skeletons
  A gnoll shaman (D:7)
  3 iguanas
  28 worker ants
  A troll simulacrum (IceCv)
  A polar bear simulacrum (IceCv)
  A spriggan simulacrum (IceCv)
  2 wolf simulacra (IceCv)
  An acid dragon zombie (D:12)
  A sky beast zombie (Temple)
  5 centaur simulacra (IceCv)
  9 ogre zombies
  5 ogre skeletons
  2 hound zombies (D:10)
  A hound skeleton (D:3)
  3 worker ant zombies
  24 gnolls
  A howler monkey skeleton (D:10)
  14 adders
  2 naga simulacra (IceCv)
  6 river rats
  2 shadow imps
  3 white imps (IceCv)
  6 ufetubi (IceCv)
  2 adder skeletons
  5 adder zombies
  4 worms
  9 leopard geckos
  80 orcs
  13 giant cockroaches
  31 goblins
  19 hobgoblins
  11 jackals
  4 quokkas
  7 ball pythons
  A ball python zombie (D:11)
  5 bats
  12 frilled lizards
  A goblin skeleton (D:9)
  6 goblin zombies
  3 hobgoblin zombies (D:9)
  2 jackal zombies
  47 kobolds
  A leopard gecko zombie (D:5)
  18 orc skeletons
  21 orc zombies
  2 quokka skeletons
  A quokka zombie (Temple)
  32 rats
  A rat zombie (D:12)
  5 butterflies
  5 fungi (Lair:6)
  10 plants
1206 creatures vanquished.

Vanquished Creatures (collateral kills)
  A killer bee (D:8)
1 creature vanquished.

Vanquished Creatures (others)
  An ufetubus (IceCv)
  3 kobolds
  7 fungi
  4 plants
15 creatures vanquished.

Grand Total: 1222 creatures vanquished

Notes
Turn   | Place    | Note
-------+----------+-------------------------------------------
     0 | D:1      | DildoBatman the Formicid Wizard began the quest for the
                  | Orb.
     0 | D:1      | Reached XP level 1. HP: 13/13 MP: 4/4
    67 | D:1      | Reached skill level 1 in Conjurations
   349 | D:1      | Reached XP level 2. HP: 19/19 MP: 4/6
  1028 | D:1      | Reached XP level 3. HP: 24/24 MP: 5/7
  1033 | D:1      | Learned a level 3 spell: Conjure Flame
  1037 | D:1      | Learned a level 3 spell: Mephitic Cloud
  1832 | D:2      | Noticed a sky beast
  1843 | D:2      | Reached XP level 4. HP: 19/30 MP: 0/8
  2614 | D:3      | Found a basalt altar of Yredelemnul.
  2667 | D:3      | Reached XP level 5. HP: 34/35 MP: 0/9
  2891 | D:3      | Noticed Martska's ghost (amateur MfIE)
  3094 | D:3      | Found a transporter.
  3112 | D:3      | Found a transporter.
  3115 | D:3      | You fall through a shaft for 2 floors!
  3115 | D:5      | Entered Level 5 of the Dungeon
  3153 | D:5      | Found Unleox's General Store.
  3157 | D:5      | Bought a scroll of magic mapping for 49 gold pieces
  3225 | D:5      | Found a staircase to the Ecumenical Temple.
  3231 | Temple   | Entered the Ecumenical Temple
  3385 | Temple   | Became a worshipper of Kikubaaqudgha
  3642 | D:5      | Reached skill level 5 in Conjurations
  3642 | D:5      | Reached XP level 6. HP: 41/41 MP: 8/10
  3803 | D:5      | Noticed Menkaure
  4572 | D:4      | Reached XP level 7. HP: 44/46 MP: 1/11
  4599 | D:4      | Reached skill level 1 in Fire Magic
  4735 | D:4      | Reached * piety under Kikubaaqudgha
  4735 | D:4      | Identified Kikubaaqudgha's Incunabulum of Dark Arts
                  | (Kikubaaqudgha gifted it to you on level 4 of the Dungeon)
  4735 | D:4      | Received a gift from Kikubaaqudgha
  4735 | D:4      | Reached skill level 1 in Air Magic
  4802 | D:4      | Learned a level 2 spell: Sublimation of Blood
  4806 | D:4      | Learned a level 3 spell: Vampiric Draining
  6161 | D:6      | Got a faintly glowing buckler
  6167 | D:6      | Identified the +3 buckler "Ajycaw" {rC++} (You found it on
                  | level 6 of the Dungeon)
  6185 | D:6      | Found a stormy altar of Qazlal.
  6329 | D:6      | Reached skill level 1 in Shields
  6435 | D:6      | Found a glowing drain.
  6523 | Sewer    | Entered a sewer
  6865 | Sewer    | Reached ** piety under Kikubaaqudgha
  6881 | Sewer    | Gained mutation: You have sharp fingernails. [potion of
                  | mutation]
  6881 | Sewer    | Gained mutation: You are partially covered in iridescent
                  | scales. (AC +2) [potion of mutation]
  6881 | Sewer    | Gained mutation: You are resistant to hostile enchantments.
                  | (MR+) [potion of mutation]
  7322 | D:6      | Reached XP level 8. HP: 52/52 MP: 0/12
  8039 | D:6      | Lost mutation: You have sharp fingernails. [potion of
                  | mutation]
  8039 | D:6      | Lost mutation: You are partially covered in iridescent
                  | scales. (AC +2) [potion of mutation]
  8039 | D:6      | Gained mutation: You are robust. (+10% HP) [potion of
                  | mutation]
  8039 | D:6      | Gained mutation: Your spells are a little harder to cast,
                  | but a little more powerful. [potion of mutation]
  8092 | D:7      | Reached *** piety under Kikubaaqudgha
  8092 | D:7      | Identified Kikubaaqudgha's Collected Works on Unholy
                  | Rituals (Kikubaaqudgha gifted it to you on level 7 of the
                  | Dungeon)
  8092 | D:7      | Received a gift from Kikubaaqudgha
  8156 | D:7      | Found an ancient bone altar of Kikubaaqudgha.
  8212 | D:7      | Reached skill level 1 in Necromancy
  8388 | D:7      | Reached XP level 9. HP: 62/62 MP: 15/15
  8541 | D:7      | Reached skill level 5 in Fire Magic
  8993 | D:7      | Reached skill level 5 in Spellcasting
  9040 | D:7      | Learned a level 5 spell: Dispel Undead
  9096 | D:8      | Reached skill level 5 in Air Magic
  9180 | D:8      | Found the ring of the Octopus King
  9188 | D:8      | Got a ring of the Octopus King
  9190 | D:8      | Identified a ring of the Octopus King {rN+ AC+1 EV+1 Str+1
                  | Int+1 Dex+1} (You found it on level 8 of the Dungeon)
  9201 | D:8      | Reached **** piety under Kikubaaqudgha
  9376 | D:8      | Reached skill level 5 in Necromancy
  9376 | D:8      | Reached XP level 10. HP: 54/69 MP: 15/19
 10290 | D:9      | Reached ***** piety under Kikubaaqudgha
 10561 | D:9      | Found a staircase to the Orcish Mines.
 10716 | D:9      | You fall through a shaft for 2 floors!
 10716 | D:11     | Found Ehyposo's Distillery.
 10742 | D:11     | Bought a potion of agility for 64 gold pieces
 10742 | D:11     | Bought a potion of magic for 128 gold pieces
 10783 | D:11     | Found Pamaawu's Assorted Antiques.
 10790 | D:11     | Bought a pair of glowing boots for 150 gold pieces
 10800 | D:11     | Found Owku's Armour Shop.
 10807 | D:11     | Noticed Gastronok
 10811 | D:10     | Entered Level 10 of the Dungeon
 10872 | D:9      | Learned a level 5 spell: Borgnjor's Vile Clutch
 10908 | D:9      | Reached skill level 1 in Earth Magic
 10953 | D:9      | Reached XP level 11. HP: 74/74 MP: 21/21
 11315 | D:9      | Found a bloodstained altar of Trog.
 11387 | D:9      | Noticed Psyche
 11399 | D:9      | Killed Psyche
 11399 | D:9      | Reached skill level 5 in Earth Magic
 11444 | D:9      | Found a staircase to the Lair.
 11720 | Orc:1    | Entered Level 1 of the Orcish Mines
 11882 | Orc:2    | Entered Level 2 of the Orcish Mines
 11882 | Orc:2    | Noticed an orc high priest
 12004 | Orc:1    | Reached ****** piety under Kikubaaqudgha
 12005 | Orc:1    | Received a gift from Kikubaaqudgha
 12007 | Orc:1    | Fell from the grace of Kikubaaqudgha
 12331 | Orc:2    | Found a staircase to the Elven Halls.
 12331 | Orc:2    | Noticed Sonja
 12331 | Orc:2    | Noticed an orc sorcerer
 12698 | Orc:2    | Killed an orc high priest
 12698 | Orc:2    | Reached skill level 1 in Fighting
 12698 | Orc:2    | Reached skill level 1 in Armour
 13075 | Orc:2    | Noticed an orc knight
 13094 | Orc:2    | Killed an orc knight
 13178 | Orc:2    | Noticed a reaper
 13368 | Orc:2    | Killed an orc sorcerer
 13368 | Orc:2    | Reached skill level 10 in Earth Magic
 13408 | Orc:2    | Reached XP level 12. HP: 88/88 MP: 22/22
 13708 | Orc:2    | Killed Sonja
 13721 | Orc:2    | Noticed Josephine
 13736 | Orc:2    | Killed Josephine
 13774 | Orc:2    | Noticed an orc high priest
 13780 | Orc:2    | Killed an orc high priest
 13879 | Orc:2    | Reached skill level 5 in Fighting
 13887 | Orc:2    | Reached skill level 5 in Armour
 13955 | Orc:2    | Noticed an orc high priest
 13960 | Orc:2    | Killed an orc high priest
 14062 | Orc:2    | Reached skill level 5 in Dodging
 14152 | Orc:2    | Noticed an orc high priest
 14180 | Orc:2    | Killed an orc high priest
 14222 | Orc:2    | Found Darior's Antique Weapon Shop.
 14222 | Orc:2    | Found Xogediux's Weapon Shop.
 14223 | Orc:2    | Found Koil's Armour Shoppe.
 14228 | Orc:2    | Found Hessicly's Assorted Antiques.
 14232 | Orc:2    | Bought a scroll labeled WEUWIN WEKUSH for 38 gold pieces
 14232 | Orc:2    | Bought a scroll labeled XOPPA FEBOH for 38 gold pieces
 14232 | Orc:2    | Bought a scroll labeled WEUWIN WEKUSH for 38 gold pieces
 14232 | Orc:2    | Bought a scroll labeled NOUPNA LEITZIE for 38 gold pieces
 14232 | Orc:2    | Bought a scroll labeled JESURPHA QOEZ for 38 gold pieces
 14381 | Orc:1    | Noticed a soul eater
 14464 | D:10     | Noticed Urug
 14470 | D:10     | Killed Urug
 14470 | D:10     | Reached XP level 13. HP: 46/102 MP: 23/23
 14482 | D:10     | Noticed a reaper
 14740 | D:10     | Found a runed translucent door.
 14741 | D:10     | Found a runed translucent door.
 14795 | D:10     | Reached skill level 1 in Polearms
 15595 | D:11     | Found Beips's Magic Scroll Shoppe.
 15631 | D:11     | Bought a scroll of identify for 24 gold pieces
 15631 | D:11     | Bought a scroll of identify for 24 gold pieces
 15631 | D:11     | Bought 3 scrolls of identify for 72 gold pieces
 15631 | D:11     | Bought a scroll of identify for 24 gold pieces
 15782 | Temple   | Became a worshipper of Gozag Ym Sagoz the Greedy
 15879 | D:3      | Killed Martska's ghost
 16031 | D:5      | Killed Menkaure
 16198 | D:10     | Killed Gastronok
 16432 | D:11     | Found a large runed translucent door.
 16434 | D:11     | Found a large runed translucent door.
 16436 | D:11     | Noticed KamiKatze's ghost (journeyman TeCj)
 16481 | D:11     | Found Boigg's Book Shop.
 16623 | D:11     | Killed KamiKatze's ghost
 16693 | D:11     | Bought a pair of gloves for 90 gold pieces
 16693 | D:11     | Bought a wand of iceblast (10) for 80 gold pieces
 16693 | D:11     | Bought a short wooden wand for 80 gold pieces
 16693 | D:11     | Bought a potion of agility for 80 gold pieces
 16693 | D:11     | Bought a scroll of identify for 40 gold pieces
 16941 | D:5      | Bought a scroll of identify for 28 gold pieces
 16941 | D:5      | Bought 3 scrolls of identify for 84 gold pieces
 16941 | D:5      | Bought a scroll of amnesia for 49 gold pieces
 17528 | D:12     | Reached XP level 14. HP: 102/116 MP: 15/24
 17633 | D:12     | Found Edeibb's Antique Weapon Shoppe.
 18125 | D:13     | Noticed Jorgrun
 18266 | D:13     | Was forgiven by Kikubaaqudgha
 18420 | D:13     | Noticed Snorg
 18434 | D:13     | Killed Snorg
 18690 | D:13     | Found Lac Rodu's Weapon Shoppe.
 18909 | D:13     | Killed Jorgrun
 19017 | D:13     | Reached skill level 10 in Spellcasting
 19091 | D:13     | Found a gate to the Vaults.
 19243 | Lair:1   | Entered Level 1 of the Lair of Beasts
 20109 | Lair:2   | Got a flickering granite ring
 20111 | Lair:2   | Identified the ring "Xaopluwk" {rC+ MR+ Int+4 Dex+3} (You
                  | found it on level 2 of the Lair of Beasts)
 20208 | Lair:2   | Learned a level 3 spell: Regeneration
 20212 | Lair:2   | Learned a level 3 spell: Spectral Weapon
 20584 | Lair:2   | Reached XP level 15. HP: 110/123 MP: 30/30
 20681 | Lair:2   | Found a staircase to the Swamp.
 21010 | Lair:3   | Found a staircase to the Snake Pit.
 21510 | Lair:3   | Got a blackened hand crossbow
 21511 | Lair:3   | Identified the +5 hand crossbow of Dissatisfaction {flame,
                  | Dex+3} (You found it on level 3 of the Lair of Beasts)
 23513 | Lair:5   | Found a viscous altar of Jiyva.
 23513 | Lair:5   | Found a staircase to the Slime Pits.
 23543 | Lair:6   | Entered Level 6 of the Lair of Beasts
 23676 | Lair:6   | Reached skill level 1 in Hexes
 23682 | Lair:6   | Reached skill level 1 in Charms
 24778 | Lair:6   | Reached XP level 16. HP: 125/131 MP: 29/34
 24872 | Lair:6   | Reached skill level 5 in Hexes
 24935 | Lair:6   | Reached skill level 10 in Necromancy
 25076 | Lair:6   | Identified the Volume of Creative Ice
 25440 | D:11     | Bought a scroll of summoning for 114 gold pieces
 25440 | D:11     | Bought a scroll of amnesia for 42 gold pieces
 25440 | D:11     | Bought a scroll of enchant armour for 90 gold pieces
 25492 | D:11     | Bought 2 potions of mutation for 256 gold pieces
 25492 | D:11     | Bought a potion of curing for 48 gold pieces
 25492 | D:11     | Bought a potion of brilliance for 64 gold pieces
 25492 | D:11     | Bought a potion of ambrosia for 128 gold pieces
 25492 | D:11     | Bought a potion of heal wounds for 80 gold pieces
 25492 | D:11     | Bought a potion of mutation for 128 gold pieces
 25615 | Orc:2    | Bought a potion of curing for 114 gold pieces
 25779 | D:14     | Found Jigeh's Food Boutique.
 25816 | D:14     | Found a flagged portal.
 25832 | Bailey   | Entered a bailey
 25934 | Bailey   | Reached skill level 5 in Shields
 26173 | Bailey   | Found the +8 demon blade "Leech" {vamp, rN+ AC-3 EV-3}
 27175 | D:15     | Entered Level 15 of the Dungeon
 27442 | D:15     | Found a staircase to the Depths.
 27800 | D:15     | Noticed Agnes
 27807 | D:15     | Killed Agnes
 27844 | D:15     | Noticed Louise
 27854 | D:15     | Killed Louise
 28263 | D:9      | Identified 2 scrolls of acquirement
 28269 | D:9      | Reached XP level 17. HP: 136/136 MP: 35/35
 28367 | D:11     | Bought a book of the Earth for 910 gold pieces
 28377 | D:11     | Learned a level 9 spell: Shatter
 28386 | D:11     | Learned a level 8 spell: Necromutation
 28495 | Swamp:1  | Entered Level 1 of the Swamp
 28648 | Swamp:1  | Found a frozen archway.
 28665 | IceCv    | Entered an ice cave
 28696 | IceCv    | Reached skill level 10 in Shields
 28697 | IceCv    | Reached XP level 18. HP: 144/144 MP: 14/36
 28785 | IceCv    | Reached skill level 5 in Polearms
 29065 | IceCv    | Noticed an Ice Fiend
 29083 | IceCv    | Killed an Ice Fiend
 30421 | Swamp:2  | Found a transporter.
 30426 | Swamp:2  | Noticed HydroHomie's ghost (journeyman TrHu)
 30441 | Swamp:2  | Found a transporter.
 30913 | Swamp:2  | HP: 5/145 [alligator (39)]
 31027 | Swamp:2  | Killed HydroHomie's ghost
 31102 | Swamp:3  | Found a transporter.
 31274 | Swamp:3  | Found a transporter.
 31292 | Swamp:3  | HP: 4/145 [swamp worm (14)]
 31293 | Swamp:3  | Demolished by a shambling mangrove

Skill      XL: |  1  2  3  4  5  6  7  8  9 10 11 12 13 14 15 16 17 18 |
---------------+-------------------------------------------------------+-----
Conjurations   | 1 2 3 4 5 6 |  6.0
Fire Magic     | 2 4 5 |  5.0
Air Magic      | 2 3 5 |  5.0
Shields        | 3 9 10 12 | 12.3
Necromancy     | 1 5 9 12 | 12.1
Spellcasting   | 4 6 7 11 14 | 14.0
Earth Magic    | 3 10 11 12 14 | 14.1
Fighting       | 2 6 8 9 |  9.0
Armour         | 2 6 8 9 |  9.0
Dodging        | 3 5 7 |  7.8
Polearms       | 3 4 6 |  6.0
Stealth        | 3 |  3.6
Hexes          | 4 6 |  6.0
Charms         | 3 4 |  4.0
Summonings     | |  1.0
Translocations | |  0.8

Action                   |  1- 3 |  4- 6 |  7- 9 | 10-12 | 13-15 | 16-18 || total
-------------------------+-------+-------+-------+-------+-------+-------++-------
Melee: Short sword       |     1 |    21 |   100 |       |       |       ||   122
       Spear             |       |       |    45 |    66 |       |       ||   111
       Staff             |       |       |    43 |   165 |    83 |       ||   291
       Great sword       |       |       |       |    63 |     4 |       ||    67
       Demon trident     |       |       |       |       |   731 |   492 ||  1223
 Fire: Blowgun           |       |    32 |    58 |       |       |       ||    90
       Shortbow          |       |       |       |     7 |       |       ||     7
Throw: Tomahawk          |       |     1 |    21 |       |       |       ||    22
 Cast: Magic Dart        |    82 |    93 |   169 |   167 |    33 |       ||   544
       Mephitic Cloud    |       |     8 |    31 |    70 |    39 |     7 ||   155
       Conjure Flame     |       |     5 |    23 |    88 |    71 |    44 ||   231
       Dispel Undead     |       |       |       |    12 |    28 |    26 ||    66
       Borgnjor's Vile C |       |       |       |    32 |   106 |   141 ||   279
       Sublimation of Bl |       |       |       |     4 |       |     5 ||     9
       Vampiric Draining |       |       |       |     5 |    86 |    16 ||   107
       Regeneration      |       |       |       |       |    15 |    33 ||    48
       Spectral Weapon   |       |       |       |       |     1 |     1 ||     2
Invok: Receive Necronomi |       |       |       |     1 |       |       ||     1
       Renounce Religion |       |       |       |     1 |       |       ||     1
 Abil: Dig               |     2 |     5 |    14 |    39 |    24 |     7 ||    91
Evoke: Wand              |       |       |       |     3 |     1 |       ||     4
       Fan of gales      |       |       |       |       |       |     1 ||     1
  Use: Scroll            |       |     5 |     7 |     4 |    15 |    10 ||    41
       Potion            |       |       |     3 |     3 |     1 |     6 ||    13
 Stab: Sleeping          |     1 |       |       |       |    20 |    11 ||    32
       Confused          |       |     1 |     7 |    20 |    23 |     4 ||    55
       Distracted        |       |       |     1 |       |     6 |     5 ||    12
       Petrified         |       |       |       |       |       |     4 ||     4
  Eat: Chunk             |     3 |    10 |    18 |    33 |     8 |       ||    72
       Ration            |       |       |     1 |     2 |    15 |     8 ||    26
Armor: Robe              |     5 |     5 |    13 |    43 |   113 |    56 ||   235
       Leather armour    |       |       |       |       |       |    22 ||    22
Dodge: Dodged            |     8 |    37 |   118 |   157 |   475 |   276 ||  1071
Block: Buckler           |       |       |    54 |   108 |   325 |    62 ||   549
       Shield            |       |       |       |       |       |   195 ||   195
       Rpst.: Great sword |       |       |       |     9 |       |       ||     9
